Unix NetHack Version 5.0.0-0 post-release - last build May 10 2026 23:12:36 (d1fa5d53e341ca933230fdaa984d921c805b60aa,branch:main).

Game began 2026-05-14 14:27:14, ended 2026-05-14 14:59:14.

Drastanta, lawful female human Samurai

                        --------------------------------
                        |..............................|
                        |...-----..----.-----+------....#            --------
                        |...|[!!|--|..|.|...|  |.(?|...|#############-.^>...|
                        |...|[%?|  |..-.-...|kk|..(|...|#   #        |......|
  ----------            |...|...|  |---.-------|@..|...|#   #####    -......|
  |........|            |...-|---+--...........-|---...-####         ------.-
  |........|           #|..................a...........|#  ###             ##
  |........-############-...........{.----@--.{........|#    #              #
  |........|           #|.............|@@.@a|......[...|#    ##             #
  |.........            |....--|--....|..daa|..-|---...|#     #             #
  --.-------#           |.---|...|-|-.|.._a@|+-|...|...|#     #   ----------.-
    ##########          |.+  |(((|..|.|..aaa|  |+@+|...|#     #   |.....<....|
            #           |.|  |(((|..|.------|  |+++|...|#     #   |..........|
            #%          |.-----------......@--------...|#     #   |..........|
             #######    |..............................|#     ####...........|
                   ###  --------------------------------#         |..........|
                     ####################################         ------------

Drastanta the Kunoichi  St:18 Dx:13 Co:18 In:12 Wi:8 Ch:6  Lawful
Dlvl:5  $:522 HP:0(53) Pw:16(16) AC:1  Xp:6 T:2474  Conf

Latest messages:
 The giant ant starts to attack you, but pulls back.
 The little dog bites the fire ant.
 The fire ant is killed!
 Your little dog grows up into a dog.
 The watchman wields a dagger!
 The priest of Raijin casts a spell!
 The priest of Raijin summons insects!
 The giant ant starts to attack you, but pulls back.
 The giant ant starts to attack you, but pulls back.
 The giant ant starts to attack you, but pulls back.
 The giant ant starts to attack you, but pulls back.
 The dog misses the giant ant.
 The giant ant starts to attack you, but pulls back.
 The giant ant starts to attack you, but pulls back.
 The giant ant starts to attack you, but pulls back.
 The giant ant starts to attack you, but pulls back.
 The giant ant starts to attack you, but pulls back.
 The giant ant starts to attack you, but pulls back.
 The giant beetle starts to attack you, but pulls back.
 The giant ant starts to attack you, but pulls back.
 The dog misses the giant ant.
 The giant ant starts to attack you, but pulls back.
 The giant ant starts to attack you, but pulls back.
 The dog misses the giant ant.
 You finish your prayer.
 You feel that Amaterasu Omikami is well-pleased.
 What do you want to read? [jkn-prtwB or ?*] ?
 As you read the scroll, it disappears.
 Being confused, you mispronounce the magic words...
 Your hands begin to glow purple.
 Call a scroll labeled ANDOVA BEGARIN: COfuse
 The giant ant misses!
 The giant ant bites!
 The giant ant bites!
 The giant ant bites!
 The dog misses the watchman.
 The watchman wields a spear!
 The giant ant bites!
 The giant ant bites!
 What do you want to read? [jknortwB or ?*] ?
 As you read the scroll, it disappears.
 Being confused, you mispronounce the magic words...
 Your pair of iron shoes is covered by a shimmering golden shield!
 Call a scroll labeled ASHPD SODALG: Enchance armor
 The giant ant misses!
 The giant ant bites!
 The giant ant bites!
 The giant beetle bites!
 You die...
 Do you want your possessions identified? [ynq] (y) q

Inventory:
 Coins    ('$')
  $ - 522 gold pieces
 Amulets  ('"')
  D - an uncursed amulet of ESP (being worn)
 Weapons  (')')
  d - 31 +0 ya (in quiver)
  c - a +0 yumi (alternate weapon; not wielded)
  a - a corroded +0 katana (weapon in right hand)
  b - a blessed +0 wakizashi
 Armor    ('[')
  K - a blessed rustproof +1 pair of iron shoes (being worn)
  J - an uncursed +0 dwarvish cloak (being worn)
  e - an uncursed rustproof +0 splint mail (being worn)
 Scrolls  ('?')
  t - an uncursed scroll of amnesia
  n - an uncursed scroll of blank paper
  w - an uncursed scroll of enchant weapon
  k - an uncursed scroll of identify
  r - an uncursed scroll of light
  j - 2 uncursed scrolls of remove curse
  o - an uncursed scroll of teleportation
 Tools    ('(')
  F - an uncursed sack containing 1 item
  f - an uncursed blindfold
  M - an uncursed osaku
  Q - an uncursed tin whistle
  R - an uncursed towel

Contents of the sack:
  a +0 dwarvish mattock

Drastanta the Samurai's attributes:

Background:
 You were a Kunoichi, a level 6 female human Samurai.
 You were lawful, on a mission for Amaterasu Omikami
 who was opposed by Raijin (neutral) and Susanowo (chaotic).
 You were right-handed.
 You were in the Gnomish Mines, on level 5.
 You entered the dungeon 2474 turns ago.
 You had 523 experience points, 117 more were needed to attain level 7.

Basics:
 You had 0 out of 53 hit points.
 You had all 16 energy points (spell power).
 Your armor class was 1.
 Your wallet contained 522 zorkmids.
 Autopickup was off.

Final Characteristics:
 Your strength was 18 (limit:18/100).
 Your dexterity was 13 (limit:18).
 Your constitution was 18 (limit:18).
 Your intelligence was 12 (limit:18).
 Your wisdom was 8 (limit:18).
 Your charisma was 6 (limit:18).

Final Status:
 You were confused.
 You weren't hungry.
 You were unencumbered.
 You were wielding a long sword.
 You had basic skill with long sword and could have enhanced that.

Final Attributes:
 You were piously aligned.
 Your items were somewhat protected from fire.
 Your items were somewhat protected from cold.
 You were telepathic.
 You were warded.
 You were fast.
 You are dead.

Miscellaneous:
 You didn't encounter any bones levels.
 Total elapsed playing time was 31 minutes and 59 seconds.

Major events:
 Turn
    1: Drastanta the lawful female human Samurai entered the dungeon
  770: read a Discworld novel
 1058: entered the Gnomish Mines
 1087: attained the rank of Ronin (level 3)
 1595: reached Mine Town
 1786: attained the rank of Kunoichi (level 6)
 2474: killed by a giant beetle

You didn't know any spells.

Skills:
 Fighting Skills
   martial arts      [Basic]
   two weapon combat [Unskilled]
   riding            [Unskilled]
 Weapon Skills
   dagger            [Unskilled]
   knife             [Unskilled]
   short sword       [Basic]
   broadsword        [Unskilled]
   long sword        [Basic]
   two-handed sword  [Unskilled]
   saber             [Unskilled]
   flail             [Unskilled]
   quarterstaff      [Unskilled]
   polearms          [Unskilled]
   spear             [Unskilled]
   lance             [Unskilled]
   bow               [Basic]
   shuriken          [Unskilled]
 Spellcasting Skills
   attack spells     [Unskilled]
   divination spells [Unskilled]
   clerical spells   [Unskilled]

Voluntary challenges:
 Character rerolling was not enabled.
 You never genocided any monsters.
 You never polymorphed an object.
 You never changed form.
 You used no wishes.
Achievements:
 You entered a shop.
 You read from a Discworld novel.
 You entered the Gnomish Mines.
 You attained the rank of Ronin.
 You entered Minetown.
 You entered a temple.
 You attained the rank of Kunoichi.

 The Dungeons of Doom: levels 1 to 3
    Level 1:
    Level 2:
       A scroll shop.
       Stairs down to The Gnomish Mines.
    Level 3:
 The Gnomish Mines: levels 3 to 6
    Level 3:
    Level 4:
    Level 5: <- You were here.
       Many shops, a temple and an altar to Amaterasu Omikami, some fountains.
       Final resting place for
          you, killed by a giant beetle.
    Level 6:


Vanquished creatures:
  2 small mimics
  a gnome ruler
  a fire ant
 an imp
  a yellow light
  a shrieker
  a violet fungus
  3 gnome leaders
  2 gnomish wizards
  a ghoul
  a giant ant
  2 little dogs
  a kitten
  2 dwarves
  2 dwarf zombies
  a werejackal
  2 iguanas
 an acid blob
  a hobbit
  a hobgoblin
  a giant rat
  2 brown molds
 22 gnomes
  6 garter snakes
  2 gnome zombies
  a jackal
  2 grid bugs
  a bat
  a lichen
  9 newts
75 creatures vanquished.

No species were genocided or became extinct.

Game over:
                       ----------
                      /          \
                     /    REST    \
                    /      IN      \
                   /     PEACE      \
                  /                  \
                  |    Drastanta     |
                  |      522 Au      |
                  |   killed by a    |
                  |   giant beetle   |
                  |                  |
                  |                  |
                  |       2026       |
                 *|     *  *  *      | *
        _________)/\\_//(\/(/\)/\//\/|_)_______

Sayonara Drastanta the Samurai...

You died in The Gnomish Mines on dungeon level 5 with 2812 points,
and 522 pieces of gold, after 2474 moves.
You were level 6 with a maximum of 53 hit points when you died.

